 Dungeon Crawl Stone Soup version 0.30.1-8-g117510f58f (webtiles) character file.

Game seed: 3923729648721273558

8267 Cheops the Spear-Bearer (level 11, -3/77 HPs)
             Began as a Yellow Draconian Summoner on Sept 22, 2023.
             Was an Initiate of Sif Muna.
             Slain by a two-headed ogre
             ... wielding a +0 giant club
              (11 damage)
             ... on level 10 of the Dungeon.
             The game lasted 01:08:41 (22133 turns).

Cheops the Spear-Bearer (DrSu)                     Turns: 22133, Time: 01:08:42

Health: -3/77      AC: 10    Str: 10    XL:     11   Next: 7%
Magic:  20/29      EV: 13    Int: 19    God:    Sif Muna [......]
Gold:   262        SH:  0    Dex: 15    Spells: 2/22 levels left

rFire   . . .        a - +2 halberd
rCold   . . .        (shield currently unavailable)
rNeg    . . .        (body armour unavailable)
rPois   .            (helmet restricted)
rElec   .            u - +0 cloak
rCorr   +            e - +0 pair of gloves
SInv    .            y - +0 pair of boots
Will    .....        (no amulet)
Stlth   +++          m - ring of magical power
HPRegen 0.32/turn    (no ring)
MPRegen 0.21/turn

%: no passive effects
@: no status effects
A: spit acid, AC +7, unfitting armour, cold-blooded, acid resistance, camouflage
1, agile 1, sense surroundings 1
a: Breathe Acid, Renounce Religion


You were on level 10 of the Dungeon.
You worshipped Sif Muna.
Sif Muna was noncommittal.
You visited 3 branches of the dungeon, and saw 12 of its levels.

You collected 528 gold pieces.
You spent 266 gold pieces at shops.

Inventory:

Hand Weapons
 a - a +2 halberd (weapon)
 b - a +0 trident
 G - a +0 glaive
Armour
 e - a +0 pair of gloves (worn)
 u - a +0 cloak (worn)
 y - a +0 pair of boots (worn)
Magical Staves
 F - a staff of air
Jewellery
 m - a ring of magical power (left hand)
Wands
 C - a wand of mindburst (11)
 E - a wand of flame (16)
Scrolls
 d - 2 scrolls of fear
 g - 5 scrolls of teleportation
 h - 3 scrolls of torment
 i - a scroll of immolation
 l - 3 scrolls of poison {unknown}
 p - 3 scrolls of vulnerability {unknown}
 t - 2 scrolls of enchant weapon {unknown}
 v - 3 scrolls of enchant armour {unknown}
 x - a scroll of summoning
 D - a scroll of amnesia {unknown}
Potions
 c - 2 potions of brilliance
 f - 3 potions of mutation
 j - a potion of flight {unknown}
 k - 4 potions of might
 n - a potion of magic
 o - 6 potions of curing
 q - 3 potions of haste
 r - a potion of heal wounds
 s - 2 potions of degeneration {unknown}
 w - a potion of invisibility
 z - 2 potions of lignification
 A - 4 potions of attraction
 B - 2 potions of ambrosia


   Skills:
 - Level 1.0 Fighting
 + Level 10.7 Polearms
 - Level 4.0 Dodging
 - Level 1.7 Stealth
 - Level 6.0 Spellcasting
 * Level 4.0 Hexes
 - Level 9.0 Summonings
 - Level 2.0 Necromancy
 - Level 6.0 Air Magic


You had 2 spell levels left.
You knew the following spells:

 Your Spells              Type           Power      Damage    Failure   Level
s - Sublimation of Blood  Necr           13%        N/A       8%          2
C - Call Canine Familiar  Summ           39%        N/A       1%          3
G - Summon Guardian Gole  Hex/Summ       30%        N/A       2%          3
I - Call Imp              Summ           78%        N/A       1%          2
L - Summon Lightning Spi  Summ/Air       34%        N/A       4%          4
M - Summon Small Mammal   Summ           100%       N/A       1%          1
V - Summon Mana Viper     Hex/Summ       30%        N/A       22%         5

Your spell library contained the following spells:

 Spells                   Type           Power      Damage    Failure   Level
 Magic Dart               Conj           20%        1d4       11%         1
 Scorch                   Fire           10%        2d5       17%         2
 Tukima's Dance           Hex            20%        N/A       6%          3
 Mephitic Cloud           Conj/Pois/Air  13%        N/A       14%         3
 Summon Ice Beast         Ice/Summ       22%        N/A       17%         4
 Volatile Blastmotes      Fire/Tloc      10%        2d10      32%         3
 Summon Cactus Giant      Summ           19%        N/A       38%         6
 Fulminant Prism          Conj/Hex       6%         3d6       43%         4
 Flame Wave               Conj/Fire      5%         2d5       73%         4
 Iskenderun's Mystic Bla  Conj/Tloc      5%         2d3       73%         4
 Passage of Golubria      Tloc           5%         N/A       73%         4
 Petrify                  Tmut/Erth      5%         N/A       73%         4
 Yara's Violent Unravell  Hex/Tmut       6%         3d5       80%         5
 Monstrous Menagerie      Summ           19%        N/A       93%         7
 Irradiate                Conj/Tmut      2%         3d12      97%         5
 Lee's Rapid Deconstruct  Erth           2%         3d5*      97%         5


Dungeon Overview and Level Annotations

Branches:
Dungeon (10/15)            Temple (1/1) D:7            Lair (0/5) D:10
    Orc (1/2) D:9

Altars:
Ashenzari
Dithmenos
Elyvilon
Fedhas
Gozag
Hepliaklqana
Kikubaaqudgha
Makhleb
Nemelex Xobeh
Okawaru
Qazlal
Ru
Sif Muna
Trog
Uskayaw
Vehumet
Xom
Yredelemnul
Zin
The Shining One

Shops:
D:3 [!(*


Innate Abilities, Weirdness & Mutations

You can spit globs of acid.
Your golden yellow scales are hard. (AC +7)
You cannot fit into any form of body armour.
You are cold-blooded and may be slowed by cold attacks.
You are resistant to acid. (rCorr)
Your skin changes colour to match your surroundings (Stealth+).
You are agile. (Dex +4, Str/Int -1)
You passively map a small area around you.


Message History

The two-headed ogre is heavily wounded.
The centaur wields a +0 shortbow.
The centaur shoots an arrow.
The arrow hits your hound!
Your lightning spire shoots out a bolt of lightning at the two-headed ogre!
The bolt of electricity hits the two-headed ogre!
The bolt of electricity hits the yak.
Your hound barely misses the two-headed ogre.
The two-headed ogre hits your lightning spire with a +0 giant club!!
Your lightning spire is destroyed!
Your lightning spire disappears in a puff of smoke!
The orc wizard casts a spell at you.
The magic dart hits you but does no damage.
You puncture the two-headed ogre!
The two-headed ogre is almost dead.
Your hound barely misses the two-headed ogre.
The centaur shoots an arrow.
The arrow barely misses your hound. The arrow misses you.
Your hound bites the two-headed ogre but does no damage.
The orc wizard hits you but does no damage.
The centaur shoots an arrow.
The arrow barely misses your hound. The arrow closely misses you.
You hear a howl!
Casting: Call Canine Familiar (safe; 1% risk of failure)
Confirm with . or Enter, or press ? or * to list all spells.
An electric hum fills the air.
The two-headed ogre hits you with a +0 giant club.
The two-headed ogre hits you with a +0 giant club!
* * * LOW HITPOINT WARNING * * *
Your hound bites the two-headed ogre.
The centaur shoots an arrow.
The arrow hits your hound.
Your hound dies!
Your hound's corpse disappears in a puff of smoke!
The orc wizard misses you.
The orc wizard attacks as you move away!
The orc wizard hits you but does no damage.
The two-headed ogre attacks as you move away!
The two-headed ogre hits you with a +0 giant club!!
* * * LOW HITPOINT WARNING * * *
The two-headed ogre hits you with a +0 giant club!
You die...

, *#...# #...#
#..... , . #.#.#
#.#$###.c.. , .
.##...###...##..# *
* #
................# ,
, **##............#
, * , ##......#....#
, #....#'#W...###'#.
#....#..oOY8.......
##.####...@.........
#..#........#####...
#..#........# ,..
#..#........#
#######..#........#
_
#........#........#
,
#........#.........
, ,
#........#.........*
** #........# , ,


You could see a two-headed ogre (ally target), a yak, a shadow, a centaur, an
orc wizard and a friendly lightning spire (summoned).

Vanquished Creatures
  A wyvern (D:6)
  Menkaure (D:7)
  A nameless horror (D:7)
  A black bear (D:6)
  An orc warrior (D:9)
  3 centaurs
  A phantom (D:3)
  2 scorpions
  A gnoll sergeant (D:7)
  A wight (D:8)
  A killer bee (D:8)
  3 howler monkeys
  A jelly (D:6)
  An orc priest (D:6)
  A hound (D:6)
  Terence (D:2)
  4 orc wizards
  2 gnolls
  5 adders
  2 worms (D:3)
  2 dart slugs
  18 orcs
  4 endoplasms
  3 giant cockroaches
  4 hobgoblins
  4 jackals
  8 kobolds
  4 quokkas
  7 ball pythons
  4 bats
  A frilled lizard (D:3)
  13 goblins
  7 rats
  A spectral goblin (D:3)
114 creatures vanquished.

Vanquished Creatures (collateral kills)
  3 two-headed ogres
  A deep elf pyromancer (D:9)
  Maggie (D:7)
  2 trolls
  A hornet (D:9)
  4 yaks (D:9)
  2 orc warriors (D:9)
  2 water moccasins (D:7)
  An ice beast (D:7)
  2 black bears
  A centaur (D:9)
  A phantom (D:7)
  3 kobold brigands
  A bullfrog (D:7)
  3 scorpions
  10 wights
  10 killer bees
  A howler monkey (D:6)
  3 orc priests
  Crazy Yiuf (D:5)
  A jelly (D:5)
  3 iguanas
  2 orc wizards
  3 sleepcaps
  7 gnolls
  7 adders
  A white imp (D:7)
  A dart slug (D:4)
  11 orcs
  3 endoplasms
  2 goblins (D:2)
  3 hobgoblins
  4 jackals
  2 quokkas
  2 ball pythons
  2 bats (D:3)
  2 frilled lizards (D:1)
  11 kobolds
  3 rats
123 creatures vanquished.

Vanquished Creatures (others)
  A wyvern (D:6)
  An ogre (D:4)
  An orc wizard (D:6)
  An orc (D:6)
4 creatures vanquished.

Grand Total: 241 creatures vanquished

Notes
Turn   | Place    | Note
-------+----------+-------------------------------------------
     0 | D:1      | Cheops the Draconian Summoner began the quest for the Orb.
     0 | D:1      | Reached XP level 1. HP: 14/14 MP: 3/3
   440 | D:1      | Reached XP level 2. HP: 17/20 MP: 2/5
   567 | D:1      | Learned a level 2 spell: Call Imp
  1190 | D:2      | Noticed Terence
  1635 | D:2      | Reached XP level 3. HP: 25/26 MP: 4/7
  1639 | D:2      | Learned a level 3 spell: Call Canine Familiar
  2230 | D:2      | Killed Terence
  2231 | D:2      | Reached skill level 5 in Summonings
  2231 | D:2      | Reached skill level 1 in Polearms
  2231 | D:2      | Reached XP level 4. HP: 18/33 MP: 3/8
  2385 | D:2      | Learned a level 3 spell: Summon Guardian Golem
  2514 | D:3      | Found a shadowy altar of Dithmenos.
  2569 | D:3      | Found a faded altar of an unknown god.
  2613 | D:3      | Found Bogru's Weapon Shoppe.
  2641 | D:3      | Reached skill level 1 in Fighting
  2644 | D:3      | Found Ceif Gamp's General Store.
  2722 | D:3      | Bought a scroll of identify for 24 gold pieces
  2747 | D:3      | Found Noclyph's Antique Armour Shop.
  3040 | D:3      | Noticed a phantom
  3140 | D:3      | Found Uvycatal's Distillery.
  3146 | D:3      | Bought a potion of heal wounds for 55 gold pieces
  3216 | D:3      | Reached skill level 2 in Polearms
  3640 | D:3      | Found Noclyph's Antique Armour Shop.
  3658 | D:3      | Found Uvycatal's Distillery.
  3666 | D:3      | Found Ceif Gamp's General Store.
  3701 | D:3      | Found a shadowy altar of Dithmenos.
  3796 | D:3      | Found Bogru's Weapon Shoppe.
  3813 | D:3      | Found a faded altar of an unknown god.
  4323 | D:3      | Killed a phantom
  4324 | D:3      | Reached skill level 1 in Hexes
  4324 | D:3      | Reached XP level 5. HP: 23/40 MP: 6/9
  4731 | D:4      | Found a radiant altar of Vehumet.
  4741 | D:4      | Noticed an ogre
  4750 | D:4      | Reached skill level 3 in Polearms
  4750 | D:4      | Reached XP level 6. HP: 41/47 MP: 6/10
  5943 | D:4      | Found a radiant altar of Vehumet.
  6334 | D:5      | Entered Level 5 of the Dungeon
  6382 | D:5      | Your scales start taking on a golden yellow colour.
  6382 | D:5      | Reached XP level 7. HP: 52/52 MP: 5/11
  6382 | D:5      | Gained mutation: You are resistant to acid. (rCorr) [Yellow
                  | Draconian growth]
  6491 | D:5      | Reached skill level 4 in Polearms
  6640 | D:5      | Found a runed translucent door.
  6641 | D:5      | Noticed Crazy Yiuf
  7034 | D:5      | Found a basalt altar of Yredelemnul.
  7161 | D:5      | Killed Crazy Yiuf
  7500 | D:6      | Noticed a wyvern
  7593 | D:6      | Noticed a wyvern
  7595 | D:6      | Reached skill level 5 in Polearms
  7687 | D:6      | Learned a level 4 spell: Summon Lightning Spire
  7758 | D:6      | Gained mutation: Your skin changes colour to match your
                  | surroundings (Stealth+). [potion of mutation]
  7758 | D:6      | Gained mutation: You passively map a small area around you.
                  | [potion of mutation]
  7758 | D:6      | Gained mutation: You are agile. (Dex +4, Str/Int -1)
                  | [potion of mutation]
  7982 | D:6      | Reached XP level 8. HP: 59/59 MP: 13/13
  8124 | D:6      | Reached skill level 6 in Polearms
  9252 | D:6      | Reached skill level 5 in Air Magic
  9908 | D:6      | Learned a level 2 spell: Sublimation of Blood
 10016 | D:7      | Reached skill level 1 in Necromancy
 10075 | D:7      | Reached XP level 9. HP: 64/64 MP: 7/15
 10134 | D:7      | Noticed Maggie
 10282 | D:7      | Killed Maggie
 10283 | D:7      | Reached skill level 7 in Polearms
 10623 | D:7      | Found an iron altar of Okawaru.
 10798 | D:7      | Noticed Menkaure
 10816 | D:7      | Killed Menkaure
 11214 | D:7      | Found a staircase to the Ecumenical Temple.
 11248 | Temple   | Entered the Ecumenical Temple
 11345 | Temple   | Became a worshipper of Sif Muna the Loreminder
 11559 | D:3      | Bought a potion of lignification for 33 gold pieces
 11559 | D:3      | Bought 2 potions of attraction for 66 gold pieces
 11559 | D:3      | Bought a potion of ambrosia for 88 gold pieces
 11930 | D:8      | Reached skill level 8 in Polearms
 12109 | D:8      | HP: 1/64 [orc priest/divine providence (14)]
 12803 | D:8      | Noticed a two-headed ogre
 13149 | D:8      | Killed a two-headed ogre
 13150 | D:8      | Reached XP level 10. HP: 32/71 MP: 10/16
 14249 | D:9      | Reached * piety under Sif Muna
 14250 | D:9      | Reached skill level 9 in Polearms
 14311 | D:9      | Noticed a deep elf pyromancer
 14317 | D:9      | Killed a deep elf pyromancer
 14449 | D:9      | Reached skill level 10 in Polearms
 14696 | D:9      | Found a staircase to the Orcish Mines.
 14699 | D:9      | Noticed a two-headed ogre
 14711 | D:9      | Killed a two-headed ogre
 14712 | D:9      | Reached skill level 5 in Spellcasting
 14756 | D:9      | Learned a level 5 spell: Summon Mana Viper
 15390 | D:9      | Paralysed by a hornet for 3 turns
 15756 | D:9      | Reached ** piety under Sif Muna
 16196 | D:3      | Found a faded altar of an unknown god.
 16217 | D:3      | Found a shadowy altar of Dithmenos.
 17781 | D:3      | Found Ceif Gamp's General Store.
 17845 | D:3      | Found Noclyph's Antique Armour Shop.
 17863 | D:3      | Found Uvycatal's Distillery.
 17878 | D:3      | Found Bogru's Weapon Shoppe.
 18542 | D:4      | Found a radiant altar of Vehumet.
 18971 | D:5      | Found a basalt altar of Yredelemnul.
 20091 | D:7      | Found a staircase to the Ecumenical Temple.
 20155 | D:7      | Found an iron altar of Okawaru.
 21161 | D:9      | Found a staircase to the Orcish Mines.
 21757 | D:10     | Entered Level 10 of the Dungeon
 21787 | Orc:1    | Entered Level 1 of the Orcish Mines
 21787 | Orc:1    | Noticed an orc sorcerer
 21909 | D:10     | Found a staircase to the Lair.
 21936 | D:10     | Noticed a two-headed ogre
 21946 | D:10     | Killed a two-headed ogre
 21947 | D:10     | Reached XP level 11. HP: 77/77 MP: 20/20
 22064 | D:10     | Found a hazy altar of Hepliaklqana.
 22115 | D:10     | Noticed a two-headed ogre
 22133 | D:10     | Slain by a two-headed ogre

Illustrated notes

Levels and vault maps discovered:
D:1:      wander_arrival_desolate, layout_loops_corners
D:2:      kennysheep_the_goblin_king, layout_loops_corners,
          kennysheep_generic_room_13, uniq_terence
D:3:      minmay_chambers_of_threes, layout_loops_cross,
          mainiacjoe_overflow_small_starburst, serial_shops, shop, shop,
          nicolae_diamond_shop, nicolae_shop_rolling_square,
          dreamdust_ecumenical_altar_drowned_temple, minmay_misc_feat_plants,
          serial_bayou_pond_b, amcnicky_mini_rare_corridor_liquid, st_stairs_7,
          grunt_ministairs_12, chequers_serial_rivers_small_3
D:4:      layout_rooms, nicolae_vehumet_radiance, chequers_jeans
D:5:      layout_loops_ring, lemuel_doored_altar, uniq_crazy_yiuf_cottage
D:6:      layout_basic, serial_glass, glass_columns_b, glass_columns_a
D:7:      layout_rooms, mainiacjoe_overflow_alcove_4, minmay_temple_entry_fiery,
          uniq_maggie, uniq_menkaure
D:8:      layout_basic
D:9:      layout_cave_pods, david_orc_3
D:10:     layout_irregular_city, jmf_multi_god_temple, lemuel_crystal_altar,
          lair_entry_dummy, minmay_starry_boxes
Temple:   nicolae_temple_bog_church
Orc:1:    emtedronai_trogs_sanctum, layout_caves, lemuel_statue_altar,
          nicolae_orc_damp_corner, uniq_nergalle, uniq_urug, uniq_harold,
          uniq_fannar

Skill      XL: |  1  2  3  4  5  6  7  8  9 10 11 |
---------------+----------------------------------+-----
Spellcasting   | 3 4 6 |  6.0
Summonings     | 5 6 7 9 |  9.0
Polearms       | 1 2 3 5 6 8 10 | 10.7
Fighting       | 1 |  1.0
Hexes          | 1 2 3 4 |  4.0
Air Magic      | 5 6 |  6.0
Necromancy     | 2 |  2.0
Dodging        | 3 4 |  4.0
Stealth        | |  1.7

Action                     |  1- 3 |  4- 6 |  7- 9 | 10-12 || total
---------------------------+-------+-------+-------+-------++-------
  Melee: Unarmed           |    29 |       |       |       ||    29
         Club              |    40 |       |       |       ||    40
         Tailslap          |     9 |    23 |    29 |    10 ||    71
         Trident           |    54 |   176 |   254 |       ||   484
         Punch             |       |     1 |     3 |       ||     4
         Halberd           |       |       |    21 |    69 ||    90
   Cast: Summon Small Mamm |    16 |       |       |       ||    16
         Call Imp          |     8 |    12 |    14 |       ||    34
         Call Canine Famil |     6 |    16 |    29 |     9 ||    60
         Summon Guardian G |       |     2 |     2 |       ||     4
         Summon Lightning  |       |       |    23 |    10 ||    33
Ability: Breathe Acid      |       |       |     2 |       ||     2
    Use: Scroll            |       |     8 |     3 |       ||    11
         Potion            |       |       |     4 |     1 ||     5
   Stab: Distracted        |     2 |     4 |     9 |     2 ||    17
         Sleeping          |     1 |     5 |     2 |       ||     8
 Armour: Skin              |    44 |    54 |   133 |    20 ||   251
  Dodge: Dodged            |    85 |   124 |   190 |    56 ||   455
